Map: Frozen Temple

Players

Neeb

  • Race: Protoss Protoss
  • League: Master

speaknow (ByuN) - Winner!

  • Race: Terran Terran

VOD

Have the link to the VOD?

Description

Time

  • Played on: June 10, 2016, 5:16 p.m.
  • Length: 5:24
Show
View Real Time Build Order
Export as new Build Order

Neeb Protoss 

Build Orders: 1 Gate Expand, Oracle Opening 

Get SALT Encoding   

  12  0:00  Probe (Chrono Boost)  
  13  0:11  Probe (Chrono Boost)  
  14  0:18  Pylon  
  14  0:22  Probe (Chrono Boost)  
  15  0:37  Probe (Chrono Boost), Gateway  
  16  0:47  Probe (Chrono Boost)  
  17  0:58  Probe (Chrono Boost)  
  17  0:59  Assimilator  
  18  1:08  Probe (Chrono Boost)  
  19  1:21  Nexus  
  19  1:22  Probe (Chrono Boost)  
  20  1:32  Cybernetics Core  
  20  1:35  Probe (Chrono Boost)  
  21  1:42  Assimilator  
  21  1:45  Probe (Chrono Boost)  
  22  1:49  Pylon  
  22  1:56  Probe (Chrono Boost)  
  23  2:07  Probe (Chrono Boost)  
  26  2:08  Adept (Chrono Boost)  
  26  2:09  Warp Gate  
  26  2:17  Assimilator  
  26  2:19  Probe  
  27  2:31  Probe x2  
  27  2:32  Stargate  
  31  2:37  Adept (Chrono Boost)  
  31  2:41  Probe  
  31  2:44  Probe  
  33  2:52  Probe  
  33  2:56  Probe  
  32  3:02  Probe  
  33  3:08  Probe, Robotics Facility  
  34  3:13  Probe  
  34  3:17  Oracle (Chrono Boost)  
  38  3:20  Probe  
  39  3:28  Probe  
  39  3:32  Pylon  
  40  3:38  Mothership Core  
  42  3:54  Probe  
  43  3:57  Probe  
  43  4:00  Pylon  
  43  4:04  Immortal (Chrono Boost)  
  46  4:12  Pylon  
  46  4:15  Adept  
  44  4:25  Pylon  
  44  4:38  Adept  
  40  4:49  Immortal (Chrono Boost)  
  42  4:59  Adept  
Show
View Real Time Build Order
Export as new Build Order

speaknow Terran - Winner!

Build Orders: 1/1/1, Liberator Opening 

Get SALT Encoding   

  12  0:01  SCV  
  13  0:13  SCV  
  14  0:17  Supply Depot  
  14  0:25  SCV  
  15  0:28  Refinery  
  15  0:39  SCV  
  16  0:44  Barracks  
  16  0:51  SCV  
  17  1:03  SCV  
  18  1:15  SCV  
  19  1:31  Orbital Command, Marine, Factory  
  20  1:37  Supply Depot  
  20  1:43  Refinery  
  20  1:49  Barracks Reactor  
  20  1:57  SCV  
  21  2:02  Barracks  
  21  2:09  SCV  
  21  2:13  Widow Mine  
  24  2:21  Starport  
  24  2:23  SCV  
  24  2:27  Marine  
  24  2:28  Marine  
  27  2:35  Supply Depot  
  27  2:39  SCV  
  28  2:46  Marine, Factory Tech Lab  
  28  2:47  Marine  
  30  2:52  Marine  
  31  2:59  Medivac  
  34  3:09  Supply Depot  
  34  3:12  Marine x2  
  35  3:15  Marine  
  36  3:23  Liberator  
  36  3:24  Siege Tank  
  39  3:31  Marine x2  
  41  3:35  Marine  
  45  3:47  Supply Depot  
  45  3:56  SCV  
  45  3:58  Marine  
  45  4:02  Marine x2  
  47  4:13  Cyclone  
  47  4:15  Marine  
  52  4:20  Marine  
  53  4:25  Marine  
  53  4:33  Viking  
  53  4:34  Marine  
  53  4:49  Marine x2  
  51  4:53  SCV  
  51  4:55  Engineering Bay  
  48  5:03  Marine  
Tags
 
Add a new tag
Caveats
  • Supply blocks, unpowered buildings, or Contaminate may cause inaccurate times.
  • Supply counts are checked every 10 seconds.